 Dungeon Crawl Stone Soup version 0.29-a0-517-gbdf32494f2 (webtiles) character file.

Game seed: 4979928215458843533

65 xian the Sneak (level 3, 0/31 HPs)
             Began as a Palentonga Delver on May 30, 2022.
             Slain by an orc wizard
             ... wielding a +0 dagger
              (3 damage)
             ... on level 3 of the Dungeon.
             The game lasted 00:01:38 (271 turns).

xian the Sneak (Palentonga Delver)                   Turns: 271, Time: 00:01:40

Health: 0/31       AC:  4    Str: 15    XL:     3   Next: 92%
Magic:  3/3        EV:  9    Int: 12    God:
Gold:   41         SH:  0    Dex: 11    Spells: 2/2 levels left

rFire   . . .      SeeInvis +   a - +0 falchion
rCold   . . .      Faith    .   (no shield)
rNeg    . . .      Spirit   .   i - +0 robe {Archmagi}
rPois   .          Reflect  .   (no helmet)
rElec   .          Harm     .   (no cloak)
rCorr   .          Rampage  .   (no gloves)
Will    .....      Archmagi +   (no barding)
Stlth   ++........              (no amulet)
HPRegen 0.10/turn               (no ring)
MPRegen 0.08/turn               (no ring)

@: no status effects
A: large, rugged brown scales 3, see invisible, deformed body, roll 1, armoured
tail
a: Rolling Charge


You were on level 3 of the Dungeon.
You visited 1 branch of the dungeon, and saw 3 of its levels.

You collected 41 gold pieces.

Inventory:

Hand Weapons
 a - a +0 falchion (weapon)
Armour
 b - a +0 leather armour
 i - a +0 robe of the Archmagi (worn)
Wands
 g - a wand of digging (3)
Scrolls
 c - a scroll of fog
 d - a scroll of magic mapping
 e - a scroll of fear
 j - a scroll of silence {unknown}
Potions
 f - a potion of haste
 h - a potion of magic {unknown}


   Skills:
 + Level 3.3 Fighting
 + Level 2.2 Long Blades
 + Level 1.6 Dodging
 + Level 4.2 Stealth


You had 2 spell levels left.
You didn't know any spells.
Your spell library was empty.

Dungeon Overview and Level Annotations

Branches:
Dungeon (5/15)
 Temple: D:4-7

Altars:


Innate Abilities, Weirdness & Mutations

You are completely covered in rugged brown scales. (AC +3, +7% HP)
You have supernaturally acute eyesight. (SInv)
Armour fits poorly on your strangely shaped body.
You can roll at nearby foes to attack.
You have a long armoured tail.


Message History

You kill the hound!
There is a stone staircase leading up here.
You climb upwards.
The kobold shouts!
The orc shouts!
You hear a shout!
Found a large cabochon ring and a cloak.
There is a stone staircase leading down here.
An orc comes into view. It is wielding a +0 club.
The orc moves out of view.
You roll forward with a clatter of scales!
An orc and an orc wizard come into view.
Found 14 gold pieces.
The orc shouts!
The orc wizard shouts!
You hit the orc.
The orc is lightly wounded.
You hear a shout! x3
The orc hits you with a +0 mace.
You barely miss the orc.
The orc is lightly wounded.
The orc hits you with a +0 mace.
Roll where?
Press: ? - help, Dir - move target, f - orc wizard, p - orc
Aim: an orc wizard, wielding a +0 dagger and wearing a +0 robe You roll forward with a clatter of scales!
You hit the orc wizard.
The orc wizard is moderately wounded.
The orc wizard hits you with a +0 dagger.
The orc hits you with a +0 club.
You hit the orc wizard but do no damage.
The orc wizard is moderately wounded.
The orc closely misses you. The orc barely misses you.
The orc hits you but does no damage.
The orc wizard hits you with a +0 dagger.
* * * LOW HITPOINT WARNING * * *
You closely miss the orc wizard.
The orc wizard is moderately wounded.
The kobold hits you but does no damage. The orc hits you with a +0 war axe.
* * * LOW HITPOINT WARNING * * *
The orc hits you but does no damage.
The orc wizard hits you with a +0 dagger.
You die...

############
#......=[..#
#..........#
#..........#
#.......K..######
#..>....o@o......
#.......oo......#
........####.......#
#........# #.......#
#......... .........
#..........
........#
#........##
#.......# #........#
#.....$.#


You could see an orc wizard, 3 orcs and a kobold.

Vanquished Creatures
  A hound (D:4)
  A jelly (D:4)
  2 ball pythons (D:4)
  2 endoplasms (D:4)
  A hobgoblin (D:4)
7 creatures vanquished.

Notes
Turn   | Place    | Note
-------+----------+-------------------------------------------
     0 | D:5      | xian the Palentonga Delver began the quest for the Orb.
     0 | D:5      | Reached XP level 1. HP: 19/19 MP: 1/1
   113 | D:4      | Noticed a jelly
   117 | D:4      | Killed a jelly
   118 | D:4      | Reached skill level 4 in Stealth
   118 | D:4      | Reached XP level 2. HP: 18/25 MP: 2/2
   118 | D:4      | Reached XP level 3. HP: 23/31 MP: 3/3
   271 | D:3      | Slain by an orc wizard

Illustrated notes

Levels and vault maps discovered:
D:3:      layout_basic
D:4:      layout_layer_cave
D:5:      layout_basic, nicolae_uskayaw_suspiria,
          minmay_temple_entry_drinking_statues, due_unseen_surprise

Skill      XL: |  1 |
---------------+----+-----
Stealth        | 4 |  4.2
Fighting       | |  3.3
Long Blades    | |  2.2
Dodging        | |  1.6

Action                   || total
-------------------------++-------
Melee: Falchion          ||    18
       Tailslap          ||     3
 Abil: Rolling Charge    ||     8
Armor: Robe              ||     6
Dodge: Dodged            ||     7

Table legend: (Time is in decaauts)
 A = Elapsed time spent in this place.
 B = Non-inter-level travel time spent in this place.
 C = Inter-level travel time spent in this place.
 D = Time resting spent in this place.
 E = Time spent auto-exploring this place.
 F = Levels seen in this place.
 G = Mean time per level.
                   A        B        C        D        E       F      G
               +--------+--------+--------+--------+--------+-----+--------+
         Total |    273 |    273 |      0 |      0 |    163 |   3 |   91.0 |
       Dungeon |    273 |    273 |      0 |      0 |    163 |   3 |   91.0 |
               +--------+--------+--------+--------+--------+-----+--------+

Top non-repeatable levels by time:
     D:4: 256 daAuts
     D:5: 9 daAuts
     D:3: 8 daAuts
